 Dungeon Crawl Stone Soup version 0.30.0-5-g1a98f26d00 (webtiles) character file.

Game seed: 17612919308042533370

729 Jackthecabe the Skirmisher (level 7, -5/43 HPs)
             Began as a Deep Elf Artificer on May 13, 2023.
             Was an Initiate of Ru.
             Killed from afar by a white imp (9 damage)
             ... with a puff of frost
             ... on level 5 of the Dungeon.
             The game lasted 00:11:38 (3994 turns).

Jackthecabe the Skirmisher (Deep Elf Artificer)     Turns: 3994, Time: 00:11:39

Health: -5/43      AC:  6    Str:  9    XL:     7   Next: 44%
Magic:  18/18      EV: 12    Int: 16    God:    Ru [......]
Gold:   116        SH:  0    Dex: 17    Spells: 6/6 levels left

rFire   . . .        j - +0 shortbow
rCold   . . .        (shield currently unavailable)
rNeg    . . .        b - +0 leather armour
rPois   .            (no helmet)
rElec   .            A - +0 cloak
rCorr   .            B - +1 pair of gloves
SInv    +            (no boots)
Will    .....        (no amulet)
Stlth   ++           M - ring of magical power
HPRegen 0.27/turn    v - ring of see invisible
MPRegen 0.16/turn

%: no passive effects
@: invisible
A: no striking features
a: Renounce Religion


You were on level 5 of the Dungeon.
You worshipped Ru.
Ru was noncommittal.
You visited 1 branch of the dungeon, and saw 5 of its levels.

You collected 241 gold pieces.
You spent 125 gold pieces at shops.


   Skills:
 + Level 4.2 Fighting
 + Level 8.3 Ranged Weapons
 - Level 0.7 Armour
 - Level 2.4 Dodging
 - Level 1.2 Stealth
 - Level 3.2 Evocations


You had 6 spell levels left.
You didn't know any spells.
Your spell library contained the following spells:

 Spells                   Type           Power      Damage    Failure   Level
 Ensorcelled Hibernation  Hex/Ice        0%         N/A       45%         2
 Spider Form              Tmut/Pois      0%         N/A       71%         3
 Anguish                  Hex/Necr       0%         N/A       98%         4
 Manifold Assault         Tloc           0%         N/A       98%         4
 Dispersal                Tloc           0%         N/A       100%        6
 Disjunction              Tloc           0%         N/A       100%        8

Inventory:

Hand Weapons
 j - a +0 shortbow (weapon)
Missiles
 c - 4 curare-tipped darts {=f}
Armour
 b - a +0 leather armour (worn)
 u - a +0 robe of fire resistance
 A - a +0 cloak (worn)
 B - a +1 pair of gloves (worn)
Jewellery
 m - a ring of magical power
 v - a ring of see invisible (right hand)
 M - a ring of magical power (left hand)
Wands
 d - a wand of charming (15) (quivered)
 e - a wand of iceblast (1)
 E - a wand of paralysis (10)
Scrolls
 f - 3 scrolls of teleportation {@r2}
 o - a scroll of noise {unknown}
 p - a scroll of fear
 q - a scroll of silence {unknown}
 r - 2 scrolls of magic mapping
 t - a scroll of enchant armour {unknown}
 x - 2 scrolls of identify {@r1}
 y - a scroll of amnesia {unknown}
 z - a scroll of poison {unknown}
 C - a scroll of torment {unknown}
 D - a scroll of butterflies {unknown}
Potions
 a - a potion of degeneration {unknown}
 g - 3 potions of invisibility
 h - a potion of haste {unknown}
 i - 3 potions of curing {unknown}
 k - 3 potions of heal wounds {unknown}
 l - a potion of attraction {unknown}
 n - a potion of resistance {unknown}
 s - 2 potions of magic {unknown}
 w - 2 potions of brilliance {unknown}
 F - a potion of cancellation {unknown}

Dungeon Overview and Level Annotations

Branches:
Dungeon (5/15)
 Temple: D:4-7

Altars:
Kikubaaqudgha
Ru
Trog
Xom
Zin

Shops:
D:3 *   D:4 =   D:5 :

Annotations:
D:3 Sigmund

#......##...........
#..)...#............
#......#............
#......#............
#......#...........∩
#......#............
#..5...#######......
##...#......##......
#.@.#....(.##......
#†..#......##......
#...#..............
#...#...†.......###
#...####........#
#.............###
#.............#
####..........#
#..........#


You could see a white imp (unable to see you).


Message History

You shoot an arrow. The arrow hits the ogre.
You kill the ogre!
You shoot an arrow. The arrow barely misses the white imp.
The white imp laughs crazily.
The white imp gestures at you. The puff of frost hits you!
* * * LOW HITPOINT WARNING * * *
The white imp shouts, "Crawl home, thou plume-plucked hell-hated swadder!"
Okay, then.
Fire: j) +0 shortbow
Press: ? - help, Shift-Dir - straight line, f/p - white imp
Aim: a white imp (66% to hit)
You shoot an arrow.
The arrow completely misses the white imp.
The white imp gestures at you. The puff of frost hits you.
* * * LOW HITPOINT WARNING * * *
Fire: j) +0 shortbow
Press: ? - help, Shift-Dir - straight line, f/p - white imp
Aim: a white imp (66% to hit)
You shoot an arrow. The arrow closely misses the white imp.
The white imp gestures at you. The puff of frost hits you!
* * * LOW HITPOINT WARNING * * *
It was a potion of invisibility.
You fade into invisibility!
The white imp misses you.
The white imp gestures at something.
The puff of frost hits you!
You die...

Skill      XL: |  1  2  3  4  5  6  7 |
---------------+----------------------+-----
Fighting       | 1 2 3 4 |  4.2
Ranged Weapons | 1 2 3 5 7 8 |  8.3
Armour         | |  0.7
Dodging        | |  2.4
Stealth        | |  1.2
Evocations     | |  3.2

Action                     |  1- 3 |  4- 6 |  7- 9 || total
---------------------------+-------+-------+-------++-------
  Melee: Club              |    33 |       |       ||    33
         Dagger            |    21 |       |       ||    21
         Punch             |     3 |       |       ||     3
   Fire: Shortbow          |    74 |   185 |    42 ||   301
  Evoke: Wand              |     6 |    13 |       ||    19
    Use: Scroll            |       |     1 |       ||     1
         Potion            |       |       |     1 ||     1
 Armour: Leather armour    |    28 |    31 |     1 ||    60
  Dodge: Dodged            |    81 |    74 |    10 ||   165

Levels and vault maps discovered:
D:1:      nicolae_arrival_washed_ashore, layout_rooms, grunt_decor_one_mirror
D:2:      wad_woods_stonehenge, layout_basic, minmay_close_crescents
D:3:      layout_basic, trog_three_pillars_becter, serial_shops,
          nicolae_shop_statue_plus, nicolae_ecumenical_oubliette, minivault_25,
          uniq_sigmund
D:4:      layout_gridville, grunt_temple_overflow_order_and_chaos_1,
          nicolae_ru_great_annihilating_truth, serial_shops,
          nicolae_shop_gaudy_bauble, hellmonk_no_cap
D:5:      layout_basic, vehumet_crystals, serial_shops, shop

Notes
Turn   | Place    | Note
-------+----------+-------------------------------------------
     0 | D:1      | Jackthecabe the Deep Elf Artificer began the quest for the
                  | Orb.
     0 | D:1      | Reached XP level 1. HP: 11/11 MP: 3/3
    99 | D:1      | Reached skill level 1 in Fighting
   214 | D:1      | Reached XP level 2. HP: 17/17 MP: 4/4
   259 | D:1      | Reached skill level 2 in Fighting
   479 | D:1      | Reached skill level 1 in Ranged Weapons
   769 | D:2      | Reached XP level 3. HP: 20/21 MP: 5/5
  1010 | D:2      | Reached skill level 2 in Ranged Weapons
  1030 | D:2      | Found an ancient bone altar of Kikubaaqudgha.
  1060 | D:2      | Reached XP level 4. HP: 19/27 MP: 6/6
  1373 | D:2      | Reached skill level 3 in Ranged Weapons
  1742 | D:3      | Noticed Sigmund
  2034 | D:3      | Reached skill level 3 in Fighting
  2049 | D:3      | Found Zaopt's General Store.
  2067 | D:3      | Bought a scroll of identify for 20 gold pieces
  2067 | D:3      | Bought a scroll of teleportation for 30 gold pieces
  2067 | D:3      | Bought a scroll of magic mapping for 75 gold pieces
  2268 | D:3      | Found a bloodstained altar of Trog.
  2308 | D:3      | Found a faded altar of an unknown god.
  2536 | D:4      | Reached XP level 5. HP: 13/32 MP: 7/7
  2697 | D:4      | Noticed an angel
  2699 | D:4      | Found a shimmering altar of Xom.
  2702 | D:4      | Found a glowing silver altar of Zin.
  2717 | D:4      | Reached skill level 4 in Ranged Weapons
  3005 | D:4      | Found a sacrificial altar of Ru.
  3020 | D:4      | Became a worshipper of Ru the Awakened
  3356 | D:4      | Reached skill level 5 in Ranged Weapons
  3356 | D:4      | Reached XP level 6. HP: 38/38 MP: 8/8
  3544 | D:4      | Found Ruoc's Jewellery Boutique.
  3655 | D:5      | Entered Level 5 of the Dungeon
  3655 | D:5      | Found Urriras's Book Shop.
  3681 | D:4      | Reached skill level 4 in Fighting
  3841 | D:5      | Noticed an ice beast
  3850 | D:5      | Killed an ice beast
  3851 | D:5      | Reached skill level 6 in Ranged Weapons
  3913 | D:5      | Reached skill level 7 in Ranged Weapons
  3913 | D:5      | Reached XP level 7. HP: 43/43 MP: 9/9
  3970 | D:5      | Reached skill level 8 in Ranged Weapons
  3992 | D:5      | HP: 3/43 [white imp/puff of frost (7)]
  3994 | D:5      | Killed from afar by a white imp

Vanquished Creatures
  An ice beast (D:5)
  An ogre (D:5)
  A phantom (D:5)
  A scorpion (D:5)
  2 jellies (D:5)
  An orc priest (D:4)
  2 hounds (D:4)
  A sleepcap (D:4)
  2 orc wizards (D:4)
  2 gnolls (D:2)
  5 adders
  4 worms
  3 dart slugs
  9 orcs
  5 endoplasms
  5 giant cockroaches
  8 goblins
  5 hobgoblins
  5 jackals (D:2)
  4 kobolds
  7 quokkas
  7 ball pythons
  7 bats
  4 frilled lizards
  7 rats
99 creatures vanquished.

Table legend: (Time is in decaauts)
 A = Elapsed time spent in this place.
 B = Non-inter-level travel time spent in this place.
 C = Inter-level travel time spent in this place.
 D = Time resting spent in this place.
 E = Time spent auto-exploring this place.
 F = Levels seen in this place.
 G = Mean time per level.
                   A        B        C        D        E       F      G
               +--------+--------+--------+--------+--------+-----+--------+
         Total |   4109 |   3812 |    297 |    139 |   2663 |   5 |  821.8 |
       Dungeon |   4109 |   3812 |    297 |    139 |   2663 |   5 |  821.8 |
               +--------+--------+--------+--------+--------+-----+--------+

Top non-repeatable levels by time:
     D:4: 1137 daAuts
     D:2: 1117 daAuts
     D:3: 936 daAuts
     D:1: 648 daAuts
     D:5: 269 daAuts

Table legend:
 A = Non-vault XP
 B = Vault XP
 C = Vault XP percentage of total XP
 D = Non-vault monster count
 E = Vault monster count
 F = Vault count percentage of total count
                 A         B        C        D         E       F
            +---------+---------+-------+---------+---------+-------
      Total |     941 |     101 |   9.7 |      81 |      18 |  18.2
            +---------+---------+-------+---------+---------+-------
        D:1 |      39 |       0 |   0.0 |      21 |       0 |   0.0
        D:2 |      45 |      53 |  54.1 |      18 |      12 |  40.0
        D:3 |      32 |       0 |   0.0 |      11 |       0 |   0.0
        D:4 |     245 |      48 |  16.4 |      20 |       6 |  23.1
        D:5 |     580 |       0 |   0.0 |      11 |       0 |   0.0
            +---------+---------+-------+---------+---------+-------
